 Dungeon Crawl Stone Soup version 0.32-a0-163-g159c032296 (webtiles) character file.

Game seed: 17797580569685185468

1407 Ceno the Grave Robber (level 8, -7/58 (59) HPs)
             Began as a Gnoll Necromancer on Feb 12, 2024.
             Mangled by a sun demon (23 damage)
             ... summoned by a kobold demonologist
             ... on level 5 of the Dungeon.
             The game lasted 00:18:47 (4756 turns).

Ceno the Grave Robber (Gnoll Necromancer)           Turns: 4756, Time: 00:18:48

HP:   -7/58 (59)    AC: 11    Str:  9    XL:     8   Next: 70%
MP:   15/17         EV: 14    Int: 20    God:
Gold: 188           SH:  0    Dex: 14    Spells: 6/19 levels left

rFire   + . .        b - +2 short sword (holy)
rCold   + . .        (no shield)
rNeg    . . .        y - +3 leather armour {rF+}
rPois   .            i - +2 helmet of Maggush {SInv}
rElec   .            m - +0 cloak
rCorr   .            o - +0 pair of gloves
SInv    +            (no boots)
Will    .....        k - amulet of regeneration
Stlth   +++          A - ring of protection from cold
HPRegen 1.09/turn    q - +6 ring of intelligence
MPRegen 0.15/turn

%: no passive effects
@: animating dead, lightly drained
A: fangs 1, strong nose, distributed training
a: no special abilities


You were on level 5 of the Dungeon.
You visited 1 branch of the dungeon, and saw 5 of its levels.

You collected 188 gold pieces.

Inventory:

Hand Weapons
 a - a +2 dagger of venom
 b - a +2 short sword of holy wrath (weapon)
 d - a +0 dagger
 x - a +2 rapier of flaming
Missiles
 g - 13 poisoned darts
 v - 36 stones (quivered)
Armour
 i - the +2 helmet of Maggush (worn) {SInv}
   (You found it on level 2 of the Dungeon)

   SInv:      It lets you see invisible.
 m - a +0 cloak (worn)
 o - a +0 pair of gloves (worn)
 t - a +0 scale mail
 y - a +3 leather armour of fire resistance (worn)
Jewellery
 k - an amulet of regeneration (around neck)
 l - a +6 ring of dexterity
 q - a +6 ring of intelligence (right hand)
 A - a ring of protection from cold (left hand)
 D - an amulet of magic regeneration
Scrolls
 c - 3 scrolls of identify
 f - 2 scrolls of fog
 h - a scroll of poison
 j - a scroll of enchant weapon {unknown}
 n - a scroll of enchant armour {unknown}
 r - a scroll of fear {unknown}
 w - a scroll of brand weapon {unknown}
 z - a scroll of noise {unknown}
 C - a scroll of teleportation {unknown}
Potions
 e - a potion of magic
 p - a potion of attraction
 s - a potion of curing
 u - a potion of lignification {unknown}
 B - a potion of cancellation {unknown}
 E - 2 potions of heal wounds {unknown}


   Skills:
 + Level 3.6 Fighting
 + Level 3.6 Short Blades
 + Level 3.6 Long Blades
 + Level 3.6 Axes
 + Level 3.6 Maces & Flails
 + Level 3.6 Polearms
 + Level 3.6 Staves
 + Level 3.6 Ranged Weapons
 + Level 3.6 Throwing
 + Level 3.6 Armour
 + Level 5.9 Dodging
 + Level 5.6 Stealth
 + Level 3.6 Shields
 + Level 3.6 Unarmed Combat
 + Level 6.2 Spellcasting
 + Level 3.0 Conjurations
 + Level 3.0 Hexes
 + Level 3.0 Summonings
 + Level 7.8 Necromancy
 + Level 3.0 Translocations
 + Level 3.0 Fire Magic
 + Level 3.0 Ice Magic
 + Level 3.0 Air Magic
 + Level 3.0 Earth Magic
 + Level 3.0 Alchemy
 + Level 4.0 Invocations
 + Level 3.6 Evocations
 + Level 3.3 Shapeshifting


You had 6 spell levels left.
You knew the following spells:

 Your Spells              Type           Power      Damage    Failure   Level
a - Necrotise             Necr           100%       1d9       1%          1
b - Vampiric Draining     Necr           37%        2d8       1%          3
c - Animate Dead          Necr           37%        N/A       5%          4
d - Curse of Agony        Necr           37%        N/A       16%         5

Your spell library contained the following spells:

 Spells                   Type           Power      Damage    Failure   Level
 Magic Dart               Conj           72%        1d6       4%          1
 Searing Ray              Conj           36%        2d5       6%          2
 Call Canine Familiar     Summ           18%        N/A       12%         3
 Sigil of Binding         Hex            18%        N/A       12%         3
 Dimensional Bullseye     Hex/Tloc       9%         N/A       38%         4
 Fulminant Prism          Conj/Alch      9%         3d7       38%         4


Dungeon Overview and Level Annotations

Branches:
Dungeon (5/15)
 Temple: D:4-7

Altars:
Wu Jian

Annotations:
D:3 exclusion: ogre, Natasha


Innate Abilities, Weirdness & Mutations

You have very sharp teeth.
Your uncanny sense of smell can sniff out nearby items.
Your experience applies equally to all skills.


Message History

You feel drained.
You barely miss the kobold brigand.
The kobold brigand is moderately wounded.
The kobold demonologist mumbles some strange words.
You closely miss the sun demon. You hit the sun demon.
The sun demon is lightly wounded.
The sun demon hits you!!
You are engulfed in flames!
You resist.
Your +2 dagger of venom stops dripping with poison.
Your +2 short sword of holy wrath softly glows with a divine radiance!
b - a +2 short sword of holy wrath (weapon)
The sun demon hits you.
You are engulfed in flames.
You resist.
You barely miss the sun demon.
You bite the sun demon, but do no damage.
The sun demon is lightly wounded.
The iron imp grinds its teeth.
The sun demon hits you.
You are engulfed in flames!
You resist.
* * * LOW HITPOINT WARNING * * *
You hit the sun demon.
The sun demon convulses.
The sun demon is lightly wounded.
The kobold demonologist casts a cantrip, but nothing happens.
You hit the sun demon but do no damage.
You bite the sun demon, but do no damage.
The sun demon is lightly wounded.
The sun demon barely misses you.
You completely miss the sun demon.
You bite the sun demon, but do no damage.
The sun demon is lightly wounded.
The sun demon hits you but does no damage.
You closely miss the sun demon.
The sun demon is lightly wounded.
The sun demon barely misses you.
You hit the sun demon but do no damage. Your bite misses the sun demon.
The sun demon is lightly wounded.
The sun demon barely misses you.
You hit the sun demon.
The sun demon convulses.
You bite the sun demon, but do no damage.
The sun demon is lightly wounded.
The sun demon hits you!!
You die...

##..### ##.#..##.......
..#..##..)..###..#..##...W
...##.#.......###.... #.#..
###..##.#.......#..##.######.
##.#..#..#..÷5÷.÷#.##...#.....
#.....#..##.KKK5##............
#.........##K3K##.............
##....#.#...##3##..............
#...<........#@#...............
#.........##.#.#...............
####........####.##.........)....
#.>..#.#...####...####...........
...#.##....'...÷.÷..÷'.#.........
...#####...####...####...........
##..# ##.....##÷##....#........#
...#####...###.#.#.....#.......##
...# #......#..#.#..........>..##


You could see 2 sun demons, a kobold demonologist, 4 kobold brigands, an iron
imp (summoned) and an ufetubus (summoned).

Vanquished Creatures
  Eustachio (D:5)
  Duvessa (D:3)
  A sky beast (D:4)
  Blork the orc (D:5)
  A kobold brigand (D:5)
  A scorpion (D:5)
  Dowan (D:3)
  A howler monkey (D:4)
  3 hounds
  2 orc priests (D:4)
  A bombardier beetle (D:5)
  A gnoll bouda (D:5)
  2 iguanas
  Robin (D:4)
  3 gnolls (D:5)
  7 adders
  A white imp (D:4)
  A ribbon worm (D:4)
  11 orcs
  9 ball pythons
  7 endoplasms
  6 giant cockroaches
  12 goblins
  12 hobgoblins
  6 jackals
  6 quokkas
  A bat (D:1)
  3 frilled lizards
  6 kobolds
  5 rats
114 creatures vanquished.

Vanquished Creatures (collateral kills)
  Prince Ribbit (D:5)
  A water moccasin (D:5)
  A shadow imp (D:4)
  3 dart slugs
  A goblin (D:4)
  2 jackals
  A kobold (D:1)
  A frilled lizard (D:2)
  A rat (D:1)
12 creatures vanquished.

Vanquished Creatures (others)
  A hound zombie (D:5)
  2 gnoll zombies (D:5)
  6 goblin zombies (D:4)
  3 hobgoblin zombies (D:4)
  5 orc zombies
17 creatures vanquished.

Grand Total: 143 creatures vanquished

Notes
Turn   | Place    | Note
-------+----------+-------------------------------------------
     0 | D:1      | Ceno the Gnoll Necromancer began the quest for the Orb.
     0 | D:1      | Reached XP level 1. HP: 13/13 MP: 6/6
   152 | D:1      | Reached XP level 2. HP: 19/19 MP: 2/7
   952 | D:2      | Reached skill level 5 in Spellcasting
   952 | D:2      | Reached XP level 3. HP: 25/25 MP: 6/9
   965 | D:2      | Identified the +2 helmet of Maggush {SInv}
   988 | D:2      | Learned a level 3 spell: Vampiric Draining
  1119 | D:2      | Reached skill level 1 in Invocations
  1138 | D:2      | Reached skill level 1 in Fighting
  1138 | D:2      | Reached skill level 1 in Short Blades
  1138 | D:2      | Reached skill level 1 in Long Blades
  1138 | D:2      | Reached skill level 1 in Axes
  1138 | D:2      | Reached skill level 1 in Maces & Flails
  1138 | D:2      | Reached skill level 1 in Polearms
  1138 | D:2      | Reached skill level 1 in Staves
  1138 | D:2      | Reached skill level 1 in Ranged Weapons
  1138 | D:2      | Reached skill level 1 in Throwing
  1138 | D:2      | Reached skill level 1 in Armour
  1138 | D:2      | Reached skill level 1 in Shields
  1138 | D:2      | Reached skill level 1 in Unarmed Combat
  1138 | D:2      | Reached skill level 1 in Evocations
  1289 | D:2      | Reached skill level 1 in Shapeshifting
  1289 | D:2      | Reached XP level 4. HP: 32/32 MP: 7/11
  1305 | D:2      | Learned a level 4 spell: Animate Dead
  1825 | D:3      | Reached skill level 1 in Conjurations
  1825 | D:3      | Reached skill level 1 in Hexes
  1825 | D:3      | Reached skill level 1 in Summonings
  1825 | D:3      | Reached skill level 1 in Translocations
  1825 | D:3      | Reached skill level 1 in Fire Magic
  1825 | D:3      | Reached skill level 1 in Ice Magic
  1825 | D:3      | Reached skill level 1 in Air Magic
  1825 | D:3      | Reached skill level 1 in Earth Magic
  1825 | D:3      | Reached skill level 1 in Alchemy
  1861 | D:3      | Noticed Natasha
  2042 | D:3      | Noticed an ogre
  2140 | D:3      | Reached XP level 5. HP: 37/37 MP: 12/12
  2874 | D:4      | Learned a level 5 spell: Curse of Agony
  2891 | D:4      | Noticed Duvessa
  2950 | D:4      | Noticed Dowan
  3067 | D:4      | Noticed Robin
  3241 | D:4      | Reached XP level 6. HP: 34/44 MP: 2/14
  3405 | D:4      | Reached skill level 5 in Dodging
  3466 | D:4      | Killed Robin
  3471 | D:4      | Your ally Robin died
  3514 | D:3      | Killed Duvessa
  3519 | D:3      | Killed Dowan
  3520 | D:3      | Reached XP level 7. HP: 36/50 MP: 1/15
  3944 | D:4      | Reached skill level 5 in Stealth
  4093 | D:5      | Entered Level 5 of the Dungeon
  4121 | D:5      | Noticed Prince Ribbit
  4160 | D:5      | Killed Prince Ribbit
  4161 | D:5      | Reached XP level 8. HP: 37/58 MP: 1/17
  4334 | D:5      | Noticed Eustachio
  4360 | D:5      | Killed Eustachio
  4384 | D:5      | Found the +7 Throatcutter {drain, coup de grace}
  4384 | D:5      | Noticed a kobold demonologist
  4464 | D:5      | Found an ornate altar of the Wu Jian Council.
  4510 | D:5      | Noticed Blork the orc
  4529 | D:5      | Killed Blork the orc
  4736 | D:5      | Noticed a sun demon
  4738 | D:5      | Noticed a sun demon
  4756 | D:5      | Mangled by a sun demon

Illustrated notes

Levels and vault maps discovered:
D:1:      minmay_arrival_radiant_lines, layout_basic, minmay_tetromino_l2
D:2:      layout_basic, nicolae_kite_square_tiling_tiny
D:3:      minmay_octagon_keep, layout_loops_corners, uniq_natasha
D:4:      layout_basic, uniq_duvessa, uniq_robin
D:5:      layout_cave_pools, nzn_wu_jian_contemplation,
          dilly_guarded_unrand_throatcut, uniq_blork_the_orc,
          uniq_prince_ribbit1, uniq_eustachio

Skill      XL: |  1  2  3  4  5  6  7  8 |
---------------+-------------------------+-----
Spellcasting   | 5 6 |  6.2
Invocations    | 1 2 3 4 |  4.0
Fighting       | 1 2 3 |  3.6
Short Blades   | 1 2 3 |  3.6
Long Blades    | 1 2 3 |  3.6
Axes           | 1 2 3 |  3.6
Maces & Flails | 1 2 3 |  3.6
Polearms       | 1 2 3 |  3.6
Staves         | 1 2 3 |  3.6
Ranged Weapons | 1 2 3 |  3.6
Throwing       | 1 2 3 |  3.6
Armour         | 1 2 3 |  3.6
Shields        | 1 2 3 |  3.6
Unarmed Combat | 1 2 3 |  3.6
Evocations     | 1 2 3 |  3.6
Shapeshifting  | 1 2 3 |  3.3
Conjurations   | 1 2 3 |  3.0
Hexes          | 1 2 3 |  3.0
Summonings     | 1 2 3 |  3.0
Translocations | 1 2 3 |  3.0
Fire Magic     | 1 2 3 |  3.0
Ice Magic      | 1 2 3 |  3.0
Air Magic      | 1 2 3 |  3.0
Earth Magic    | 1 2 3 |  3.0
Alchemy        | 1 2 3 |  3.0
Dodging        | 5 |  5.9
Stealth        | 5 |  5.6
Necromancy     | |  7.8

Action                     |  1- 3 |  4- 6 |  7- 9 || total
---------------------------+-------+-------+-------++-------
  Melee: Dagger            |    30 |    90 |   122 ||   242
         Bite              |     2 |    12 |    22 ||    36
         Punch             |     2 |     1 |     5 ||     8
         Short sword       |       |       |     7 ||     7
   Cast: Necrotise         |    46 |    70 |    18 ||   134
         Vampiric Draining |       |     7 |     5 ||    12
         Animate Dead      |       |     3 |     4 ||     7
    Use: Scroll            |       |     4 |       ||     4
   Stab: Sleeping          |     2 |     3 |     2 ||     7
         Distracted        |       |     1 |     1 ||     2
 Armour: Ring mail         |     9 |    59 |       ||    68
         Robe              |     5 |       |       ||     5
         Leather armour    |       |       |    72 ||    72
  Dodge: Dodged            |    18 |    66 |    66 ||   150

Table legend: (Time is in decaauts)
 A = Elapsed time spent in this place.
 B = Non-inter-level travel time spent in this place.
 C = Inter-level travel time spent in this place.
 D = Time resting spent in this place.
 E = Time spent auto-exploring this place.
 F = Levels seen in this place.
 G = Mean time per level.
                   A        B        C        D        E       F      G
               +--------+--------+--------+--------+--------+-----+--------+
         Total |   4726 |   4522 |    204 |    320 |   2203 |   5 |  945.2 |
       Dungeon |   4726 |   4522 |    204 |    320 |   2203 |   5 |  945.2 |
               +--------+--------+--------+--------+--------+-----+--------+

Top non-repeatable levels by time:
     D:3: 1326 daAuts
     D:4: 1103 daAuts
     D:1: 948 daAuts
     D:2: 754 daAuts
     D:5: 594 daAuts
